 Dungeon Crawl Stone Soup version 0.29.1-15-g9cfb28693d (webtiles) character file.

Game seed: 15758722265021275939

23 Heoruswealwe the Digger (level 2, 0/15 HPs)
             Began as a Deep Elf Earth Elementalist on Mar 18, 2023.
             Slain by a +4 dire flail of electrocution (9 damage)
             ... created by the rancor of the Wu Jian Council
             ... on level 1 of the Dungeon.
             The game lasted 00:07:15 (655 turns).

Heoruswealwe the Digger (DEEE)                       Turns: 655, Time: 00:07:19

Health: 0/15       AC: -5    Str:  5    XL:     2   Next: 75%
Magic:  7/8        EV: 12    Int: 19    God:
Gold:   43         SH:  0    Dex: 15    Spells: 4/7 levels left

rFire   . . .      SeeInvis .   a - +1 dagger (elec)
rCold   . . .      Faith    .   (no shield)
rNeg    . . .      Spirit   .   c - +0 robe
rPois   .          Reflect  .   (no helmet)
rElec   .          Harm     .   b - +0 cloak {Stlth+}
rCorr   .          Rampage  .   (no gloves)
Will    .....                   (no boots)
Stlth   +++.......              (no amulet)
HPRegen 0.05/turn               (no ring)
MPRegen 0.11/turn               (no ring)

@: corroded
A: no striking features
a: no special abilities


You were on level 1 of the Dungeon.
You visited 1 branch of the dungeon, and saw 1 of its levels.

You collected 43 gold pieces.

Inventory:

Hand Weapons
 a - a +1 dagger of electrocution (weapon)
Armour
 b - a +0 cloak of stealth (worn)
 c - a +0 robe (worn)
Scrolls
 g - a scroll of teleportation {unknown}
Potions
 d - a potion of magic
 e - a potion of ambrosia {unknown}
 f - a potion of heal wounds {unknown}


   Skills:
 - Level 2.4 Dodging
 - Level 2.4 Stealth
 + Level 3.3 Spellcasting
 + Level 1.0 Conjurations
 + Level 1.6 Transmutations
 * Level 3.8 Earth Magic


You had 4 spell levels left.
You knew the following spells:

 Your Spells              Type           Power      Damage    Failure   Level
a - Sandblast             Erth           34%        2d9       3%          1
b - Passwall              Tmut/Erth      10%        N/A       7%          2

Your spell library contained the following spells:

 Spells                   Type           Power      Damage    Failure   Level
 Stone Arrow              Conj/Erth      24%        3d8       16%         3
 Petrify                  Tmut/Erth      13%        N/A       43%         4


Dungeon Overview and Level Annotations

Branches:
Dungeon (1/15)

Altars:
Wu Jian


Message History

Found 9 gold pieces.
The blast of sand hits the giant cockroach.
The giant cockroach is severely wounded.
The blast of sand hits the giant cockroach.
You kill the giant cockroach!
Your Conjurations skill increases to level 1!
Found a stone staircase leading down.
Found a glowing brown potion.
A hobgoblin comes into view.
The blast of sand hits the hobgoblin but does no damage.
The hobgoblin shouts!
The blast of sand hits the hobgoblin!
You kill the hobgoblin!
Found 7 stones.
f - a glowing brown potion You see here 7 stones.
g - a scroll labelled VATUOM QOLAUGG You now have 43 gold pieces (gained 9).
There is a stone staircase leading down here.
A frilled lizard comes into view.
The frilled lizard hisses angrily.
The blast of sand hits the frilled lizard!
You kill the frilled lizard!
Memorise Passwall, consuming 2 spell levels and leaving 4?
You start memorising the spell.
You continue memorising. x2
You finish memorising.
Spell assigned to 'b'.
There is a stone staircase leading down here.
Sifu Lu Zhishen says: Suffer, mortal!
The rancor of the Wu Jian Council corrodes you!
A +3 vorpal broad axe, a +4 dire flail of electrocution, a +4 vorpal dire flail and a +3 quarterstaff of flaming come into view.
You barely miss the +3 quarterstaff of flaming.
You hit the +3 quarterstaff of flaming but do no damage.
The +3 quarterstaff of flaming barely misses you.
The blast of sand hits the +4 dire flail of electrocution.
The +4 dire flail of electrocution is severely damaged.
The +3 quarterstaff of flaming hits you.
The +3 quarterstaff of flaming burns you.
The +4 dire flail of electrocution hits you!
Ouch! That really hurt!
You die...

###'####'# #..####.## ##...#...#
#..# #.# .'...#...# #..# #.#
.#...#...# #..####.#
######...######### #.......#
.#.......#......(# #...#####
.'.....#.#.#####(# #...#
.#.......### #(# #...#
########## #@# #...# ...# #.#
#(# #...### #### #.#
###.######.)...##### # #.#
#................... #### #.#
###..................# ...#
#.#####...##.##.....##.##...
##.#
#........##.#.##.#.##.#.###.
#.########.#.#[.#...###..†#...#.
#......>...#.##.#.##.#.##.#.###.


You could see 4 dancing weapons.

Vanquished Creatures
  A dart slug (D:1)
  3 endoplasms (D:1)
  3 giant cockroaches (D:1)
  2 hobgoblins (D:1)
  5 ball pythons (D:1)
  2 frilled lizards (D:1)
  A goblin (D:1)
  2 kobolds (D:1)
  3 rats (D:1)
22 creatures vanquished.

Notes
Turn   | Place    | Note
-------+----------+-------------------------------------------
     0 | D:1      | Heoruswealwe the Deep Elf Earth Elementalist began the
                  | quest for the Orb.
     0 | D:1      | Reached XP level 1. HP: 10/10 MP: 6/6
   232 | D:1      | Found a faded altar of an unknown god.
   240 | D:1      | Prayed at the altar of an unknown god.
   240 | D:1      | Became a worshipper of the Wu Jian Council
   240 | D:1      | Reached * piety under Wu Jian
   241 | D:1      | Fell from the grace of Wu Jian
   270 | D:1      | Reached XP level 2. HP: 15/15 MP: 5/8
   469 | D:1      | Reached skill level 1 in Conjurations
   605 | D:1      | Learned a level 2 spell: Passwall
   652 | D:1      | Noticed a +3 vorpal broad axe
   652 | D:1      | Noticed a +4 dire flail of electrocution
   652 | D:1      | Noticed a +4 vorpal dire flail
   652 | D:1      | Noticed a +3 quarterstaff of flaming
   655 | D:1      | Slain by a +4 dire flail of electrocution

Illustrated notes

Levels and vault maps discovered:
D:1:      minmay_arrival_widening_spiral_wide, layout_loops_ring,
          basic_ecumenical_altar, minivault_26, minmay_ruptured

Skill      XL: |  1  2 |
---------------+-------+-----
Conjurations   | 1 |  1.0
Dodging        | |  2.4
Stealth        | |  2.4
Spellcasting   | |  3.3
Transmutations | |  1.6
Earth Magic    | |  3.8

Action                   || total
-------------------------++-------
Melee: Dagger            ||     2
 Cast: Sandblast         ||    29
Invok: Renounce Religion ||     1
Dodge: Dodged            ||     4
